AoeStats
← 台灣大表哥

Oasis

509895964Analyzed
4v4 RM · 5d ago on Sep 28, 2026· 61m 26s· 8 players
Game mode
Random Map
Map size
Large (8 player)
Population
200
Speed
Normal
Resources
Standard
Victory
Conquest
Starting age
Dark Age
Ending age
Imperial Age
RankedLock teamsTeams togetherTeam positionsShared explorationLock speedFull tech treeHidden civsTurbo modeCheats
Victory
Defeat
🇧🇷 Britons · Brazil
899
+15
🇹🇼 Burgundians · Taiwan
887
+16
🇩🇪 Wei · Germany
844
+17
🇹🇼 Bohemians · Taiwan
820
+18
🇩🇪 Magyars · Germany
932
-19
🇨🇭 Chinese · Switzerland
896
-17
🇦🇹 Japanese · Austria
845
-15
🇪🇸 Poles · Spain
828
-15
Internet User
0:29 Loom
12:41 Feudal Age
19:00 Castle Age
20:30 Stone Mining
21:49 Wheelbarrow
21:55 Stone Shaft Mining
21:11 Double-Bit Axe
21:34 Crossbowman
22:16 Fletching
28:38 Thumb Ring
30:02 Gold Mining
31:14 Horse Collar
32:11 Bodkin Arrow
34:53 Imperial Age
33:32 Bodkin Arrow
33:40 Padded Archer Armor
34:31 Fortified Wall
34:12 Guard Tower
34:48 Ballistics
37:20 Chemistry
46:51 Bow Saw
48:37 Pikeman
54:55 Forging
kakao_
0:41 Loom
13:16 Feudal Age
14:52 Wheelbarrow
14:37 Town Watch
18:25 Castle Age
16:31 Stone Mining
29:14 Squires
33:08 Hand Cart
33:17 Double-Bit Axe
34:02 Horse Collar
38:21 Imperial Age
36:58 Gold Mining
37:10 Heavy Plow
37:23 Bow Saw
39:00 Town Patrol
39:30 Fletching
40:58 Two-Man Saw
40:48 Kataparuto
40:31 Murder Holes
40:41 Bodkin Arrow
41:19 Ballistics
42:43 Chemistry
41:31 Pikeman
42:24 Arson
43:04 Conscription
44:36 Scale Mail Armor
44:46 Forging
52:29 Bloodlines
52:20 Husbandry
51:41 Light Cavalry
52:12 Halberdier
53:18 Yasama
56:55 Caravan
Yonexo
11:16 Feudal Age
20:16 Castle Age
18:10 Horse Collar
18:41 Double-Bit Axe
19:29 Scale Barding Armor
20:16 Stone Mining
21:10 Forging
22:30 Iron Casting
23:23 Chain Barding Armor
23:52 Bloodlines
23:51 Husbandry
31:53 Szlachta Privileges
31:47 Gold Mining
33:05 Wheelbarrow
32:35 Heavy Plow
32:50 Bow Saw
36:26 Imperial Age
36:58 Scale Mail Armor
37:22 Cavalier
39:05 Blast Furnace
38:23 Chain Mail Armor
41:28 Lechitic Legacy
41:30 Conscription
43:02 Light Cavalry
44:16 Plate Mail Armor
45:05 Hand Cart
47:13 Winged Hussar
52:54 Loom
Toast
12:07 Feudal Age
12:44 Double-Bit Axe
13:55 Horse Collar
14:52 Loom
20:06 Castle Age
18:04 Fletching
21:06 Bow Saw
31:54 Wheelbarrow
31:50 Town Watch
32:40 Bloodlines
36:23 Corvinian Army
39:11 Imperial Age
37:06 Hand Cart
37:24 Stone Mining
37:27 Gold Mining
38:47 Bloodlines
38:38 Husbandry
40:19 Conscription
41:36 Hoardings
41:46 Heavy Plow
42:49 Two-Man Saw
42:36 Elite Magyar Huszar
44:12 Hoardings
44:44 Chemistry
43:56 Masonry
43:27 Treadmill Crane
43:44 Murder Holes
44:40 Light Cavalry
47:07 Scale Barding Armor
47:00 Bodkin Arrow
49:22 Gold Shaft Mining
52:07 Ballistics
51:54 Siege Engineers
52:23 Chain Barding Armor
54:43 Hussar
CarameloDe12
11:14 Feudal Age
15:13 Castle Age
13:59 Double-Bit Axe
13:56 Horse Collar
14:08 Gold Mining
18:35 Loom
26:03 Fletching
28:06 Stone Mining
29:28 Wheelbarrow
29:06 Town Watch
29:31 Caravan
29:53 Padded Archer Armor
30:49 Bodkin Arrow
31:29 Padded Archer Armor
33:46 Coinage
34:15 Gold Shaft Mining
34:03 Bow Saw
34:10 Heavy Plow
38:04 Imperial Age
36:07 Hand Cart
37:14 Ballistics
37:37 Treadmill Crane
37:56 Murder Holes
38:40 Town Patrol
39:45 Chemistry
39:04 Bracer
39:38 Padded Archer Armor
39:53 Masonry
40:18 Elite Longbowman
41:15 Leather Archer Armor
41:20 Siege Engineers
41:36 Warwolf
42:36 Ring Archer Armor
45:20 Hoardings
45:05 Conscription
45:28 Guilds
45:48 Banking
46:46 Two-Man Saw
46:20 Architecture
47:18 Yeomen
49:38 Heated Shot
49:59 Fortified Wall
55:03 Forging
54:58 Scale Barding Armor
54:47 Arrowslits
56:08 Onager
56:20 Sappers
57:30 Iron Casting
57:15 Chain Barding Armor
台灣大表哥
0:36 Loom
10:15 Feudal Age
10:44 Double-Bit Axe
10:46 Horse Collar
20:28 Castle Age
23:53 Wheelbarrow
23:30 Heavy Plow
23:46 Bow Saw
23:10 Elite Skirmisher
27:34 Pikeman
34:11 Imperial Age
31:53 Fletching
33:42 Wagenburg Tactics
34:13 Bodkin Arrow
34:49 Padded Archer Armor
35:30 Conscription
35:29 Forging
35:39 Cavalier
36:09 Town Watch
37:03 Elite Hussite Wagon
37:52 Husbandry
37:56 Light Cavalry
39:12 Ballistics
39:52 Chemistry
41:31 Scale Barding Armor
42:03 Iron Casting
47:28 Hand Cart
51:16 Blast Furnace
50:37 Chain Barding Armor
53:28 Bracer
55:35 Town Patrol
56:02 Redemption
58:34 Bombard Tower
61:29 Coinage
61:00 Caravan
61:11 Guilds
[ LZYQ ]SKY
13:37 Feudal Age
11:55 Loom
13:49 Horse Collar
13:59 Double-Bit Axe
19:45 Castle Age
18:27 Bow Saw
18:21 Heavy Plow
24:26 Two-Man Saw
24:27 Husbandry
25:12 Wheelbarrow
25:14 Crop Rotation
26:46 Hand Cart
26:34 Gold Mining
30:03 Scale Barding Armor
30:09 Forging
29:22 Cavalier
29:25 Light Cavalry
31:32 Burgundian Vineyards
32:27 Gold Shaft Mining
34:16 Chain Barding Armor
34:32 Iron Casting
34:03 Stone Mining
35:08 Caravan
37:52 Imperial Age
36:43 Stone Shaft Mining
39:16 Plate Barding Armor
39:42 Blast Furnace
38:07 Elite Coustillier
39:12 Conscription
40:04 Paladin
40:05 Hussar
42:16 Town Watch
VC
2:08 Loom
15:23 Feudal Age
16:10 Double-Bit Axe
17:34 Fletching
21:43 Stone Mining
21:44 Gold Mining
24:56 Wheelbarrow
28:04 Castle Age
26:31 Horse Collar
27:47 Forging
29:02 Bow Saw
29:35 Bodkin Arrow
31:01 Fortified Wall
31:04 Husbandry
31:52 Guard Tower
33:33 Stone Shaft Mining
34:06 Heavy Plow
35:39 Ballistics
37:07 Hand Cart
40:48 Imperial Age
38:49 Tuntian
39:26 Iron Casting
38:59 Scale Barding Armor
38:39 Treadmill Crane
40:19 Masonry
40:11 Padded Archer Armor
40:59 Bloodlines
41:15 Murder Holes
41:42 Chain Barding Armor
42:02 Caravan
41:25 Elite Skirmisher
42:48 Crop Rotation
43:08 Keep
43:42 Ming Guang Armor
43:47 Thumb Ring
43:53 Bracer
43:29 Light Cavalry
44:46 Conscription
45:22 Leather Archer Armor
46:54 Blast Furnace
47:59 Ring Archer Armor
48:38 Gold Shaft Mining
48:45 Elite Tiger Cavalry
51:27 Chemistry
50:28 Scale Mail Armor
50:35 Heavy Hei Guang Cavalry
52:16 Chain Mail Armor
53:18 Parthian Tactics
54:51 Hussar
Connection lost

Rejoining the realm…

Still unreachable

The connection could not be restored.

Session expired

The server has moved on; the page needs a fresh start.